%YAML 1.1
%TAG !u! tag:unity3d.com,2011:
--- !u!1 &6572455704616844927
GameObject:
  m_ObjectHideFlags: 0
  m_CorrespondingSourceObject: {fileID: 0}
  m_PrefabInstance: {fileID: 0}
  m_PrefabAsset: {fileID: 0}
  serializedVersion: 6
  m_Component:
  - component: {fileID: 6220112188171228977}
  - component: {fileID: 3798340265322144887}
  - component: {fileID: 1024692981294715327}
  - component: {fileID: 7352992188835559066}
  - component: {fileID: 6246646567377722676}
  - component: {fileID: 5429160173986580670}
  - component: {fileID: 2132126240189850879}
  - component: {fileID: 6024810004616700146}
  - component: {fileID: 8031086984178311106}
  - component: {fileID: 8429799346097464778}
  - component: {fileID: 5870342488850131079}
  - component: {fileID: 3776496951718176586}
  - component: {fileID: 7651965942376758506}
  - component: {fileID: 7396589018128311980}
  - component: {fileID: 916165672067810563}
  - component: {fileID: 6258466057810884425}
  - component: {fileID: 4384861205009615053}
  - component: {fileID: 3704351445844097880}
  - component: {fileID: 1822277448543936363}
  - component: {fileID: 3834084616928046432}
  - component: {fileID: 7491492142405171771}
  - component: {fileID: 8045385957947699550}
  - component: {fileID: 6217760602373027267}
  - component: {fileID: 8844229316620805180}
  - component: {fileID: 5746180111936033949}
  - component: {fileID: 6509220940800709969}
  - component: {fileID: -1534502028452272732}
  - component: {fileID: 7486347674968939843}
  - component: {fileID: -8584764674057231119}
  - component: {fileID: -5055430343002554292}
  - component: {fileID: -3508589259207652037}
  - component: {fileID: 279938829325075705}
  - component: {fileID: 5597685015035687091}
  - component: {fileID: 7430318367430318373}
  - component: {fileID: -1062108382059617842}
  - component: {fileID: -8990558114811365434}
  m_Layer: 0
  m_Name: U_Flowchart
  m_TagString: Untagged
  m_Icon: {fileID: 0}
  m_NavMeshLayer: 0
  m_StaticEditorFlags: 0
  m_IsActive: 1
--- !u!4 &6220112188171228977
Transform:
  m_ObjectHideFlags: 0
  m_CorrespondingSourceObject: {fileID: 0}
  m_PrefabInstance: {fileID: 0}
  m_PrefabAsset: {fileID: 0}
  m_GameObject: {fileID: 6572455704616844927}
  m_LocalRotation: {x: 0, y: 0, z: 0, w: 1}
  m_LocalPosition: {x: 0, y: 0, z: 0}
  m_LocalScale: {x: 1, y: 1, z: 1}
  m_ConstrainProportionsScale: 0
  m_Children: []
  m_Father: {fileID: 0}
  m_RootOrder: 0
  m_LocalEulerAnglesHint: {x: 0, y: 0, z: 0}
--- !u!114 &3798340265322144887
MonoBehaviour:
  m_ObjectHideFlags: 0
  m_CorrespondingSourceObject: {fileID: 0}
  m_PrefabInstance: {fileID: 0}
  m_PrefabAsset: {fileID: 0}
  m_GameObject: {fileID: 6572455704616844927}
  m_Enabled: 1
  m_EditorHideFlags: 0
  m_Script: {fileID: 11500000, guid: 7a334fe2ffb574b3583ff3b18b4792d3, type: 3}
  m_Name: 
  m_EditorClassIdentifier: 
  version: 1
  scrollPos: {x: -189.94852, y: 33.174873}
  variablesScrollPos: {x: 0, y: 0}
  variablesExpanded: 1
  blockViewHeight: 400
  zoom: 0.8200002
  scrollViewRect:
    serializedVersion: 2
    x: 0
    y: 0
    width: 0
    height: 0
  selectedBlocks:
  - {fileID: 1024692981294715327}
  selectedCommands:
  - {fileID: 6509220940800709969}
  variables: []
  description: 
  stepPause: 0
  colorCommands: 1
  hideComponents: 1
  saveSelection: 1
  localizationId: 
  showLineNumbers: 0
  hideCommands: []
  luaEnvironment: {fileID: 0}
  luaBindingName: flowchart
--- !u!114 &1024692981294715327
MonoBehaviour:
  m_ObjectHideFlags: 0
  m_CorrespondingSourceObject: {fileID: 0}
  m_PrefabInstance: {fileID: 0}
  m_PrefabAsset: {fileID: 0}
  m_GameObject: {fileID: 6572455704616844927}
  m_Enabled: 1
  m_EditorHideFlags: 0
  m_Script: {fileID: 11500000, guid: 3d3d73aef2cfc4f51abf34ac00241f60, type: 3}
  m_Name: 
  m_EditorClassIdentifier: 
  nodeRect:
    serializedVersion: 2
    x: 208.24103
    y: 74.14217
    width: 96.829254
    height: 40
  tint: {r: 1, g: 1, b: 1, a: 1}
  useCustomTint: 0
  itemId: 0
  blockName: Dialog U
  description: 
  eventHandler: {fileID: 7352992188835559066}
  commandList:
  - {fileID: 6246646567377722676}
  - {fileID: 6509220940800709969}
  - {fileID: 5429160173986580670}
  - {fileID: -8990558114811365434}
  - {fileID: 2132126240189850879}
  - {fileID: -1534502028452272732}
  - {fileID: 8429799346097464778}
  - {fileID: 8031086984178311106}
  - {fileID: 7486347674968939843}
  - {fileID: 6024810004616700146}
  - {fileID: -8584764674057231119}
  - {fileID: 5870342488850131079}
  - {fileID: -5055430343002554292}
  - {fileID: 8844229316620805180}
  - {fileID: -3508589259207652037}
  - {fileID: 6217760602373027267}
  - {fileID: 8045385957947699550}
  - {fileID: 7491492142405171771}
  - {fileID: 279938829325075705}
  - {fileID: 3834084616928046432}
  - {fileID: 5597685015035687091}
  - {fileID: 1822277448543936363}
  - {fileID: 7430318367430318373}
  - {fileID: 3704351445844097880}
  - {fileID: 4384861205009615053}
  - {fileID: -1062108382059617842}
  - {fileID: 6258466057810884425}
  - {fileID: 5746180111936033949}
  - {fileID: 916165672067810563}
  - {fileID: 7396589018128311980}
  - {fileID: 7651965942376758506}
  - {fileID: 3776496951718176586}
  suppressAllAutoSelections: 0
--- !u!114 &7352992188835559066
MonoBehaviour:
  m_ObjectHideFlags: 0
  m_CorrespondingSourceObject: {fileID: 0}
  m_PrefabInstance: {fileID: 0}
  m_PrefabAsset: {fileID: 0}
  m_GameObject: {fileID: 6572455704616844927}
  m_Enabled: 1
  m_EditorHideFlags: 0
  m_Script: {fileID: 11500000, guid: 8ff5d850a887844fe87ae7d366d3ab5e, type: 3}
  m_Name: 
  m_EditorClassIdentifier: 
  parentBlock: {fileID: 1024692981294715327}
  suppressBlockAutoSelect: 0
--- !u!114 &6246646567377722676
MonoBehaviour:
  m_ObjectHideFlags: 0
  m_CorrespondingSourceObject: {fileID: 0}
  m_PrefabInstance: {fileID: 0}
  m_PrefabAsset: {fileID: 0}
  m_GameObject: {fileID: 6572455704616844927}
  m_Enabled: 1
  m_EditorHideFlags: 0
  m_Script: {fileID: 11500000, guid: d65d551a201c94bc79950076ff3eaf2e, type: 3}
  m_Name: 
  m_EditorClassIdentifier: 
  itemId: 1
  indentLevel: 0
  sayDialog: {fileID: 0}
--- !u!114 &5429160173986580670
MonoBehaviour:
  m_ObjectHideFlags: 0
  m_CorrespondingSourceObject: {fileID: 0}
  m_PrefabInstance: {fileID: 0}
  m_PrefabAsset: {fileID: 0}
  m_GameObject: {fileID: 6572455704616844927}
  m_Enabled: 1
  m_EditorHideFlags: 0
  m_Script: {fileID: 11500000, guid: ec422cd568a9c4a31ad7c36d0572b9da, type: 3}
  m_Name: 
  m_EditorClassIdentifier: 
  itemId: 6
  indentLevel: 0
  storyText: As the mist cleared, Cain could see a huge wolf appeared to be facing
    him. His mouth gaped, showing his sharp teeth. His saliva dripped and pooled
    around him.
  description: 
  character: {fileID: 0}
  portrait: {fileID: 0}
  voiceOverClip: {fileID: 8300000, guid: b5725d226d7d542428a0f20dea36c96d, type: 3}
  showAlways: 1
  showCount: 1
  extendPrevious: 0
  fadeWhenDone: 1
  waitForClick: 0
  stopVoiceover: 0
  waitForVO: 1
  setSayDialog: {fileID: 0}
--- !u!114 &2132126240189850879
MonoBehaviour:
  m_ObjectHideFlags: 0
  m_CorrespondingSourceObject: {fileID: 0}
  m_PrefabInstance: {fileID: 0}
  m_PrefabAsset: {fileID: 0}
  m_GameObject: {fileID: 6572455704616844927}
  m_Enabled: 1
  m_EditorHideFlags: 0
  m_Script: {fileID: 11500000, guid: ec422cd568a9c4a31ad7c36d0572b9da, type: 3}
  m_Name: 
  m_EditorClassIdentifier: 
  itemId: 7
  indentLevel: 0
  storyText: "It was The Wolf \u2026."
  description: 
  character: {fileID: 0}
  portrait: {fileID: 0}
  voiceOverClip: {fileID: 8300000, guid: 3a4f548fd7c2e914da99442ff9f8c663, type: 3}
  showAlways: 1
  showCount: 1
  extendPrevious: 0
  fadeWhenDone: 1
  waitForClick: 0
  stopVoiceover: 0
  waitForVO: 1
  setSayDialog: {fileID: 0}
--- !u!114 &6024810004616700146
MonoBehaviour:
  m_ObjectHideFlags: 0
  m_CorrespondingSourceObject: {fileID: 0}
  m_PrefabInstance: {fileID: 0}
  m_PrefabAsset: {fileID: 0}
  m_GameObject: {fileID: 6572455704616844927}
  m_Enabled: 1
  m_EditorHideFlags: 0
  m_Script: {fileID: 11500000, guid: ec422cd568a9c4a31ad7c36d0572b9da, type: 3}
  m_Name: 
  m_EditorClassIdentifier: 
  itemId: 10
  indentLevel: 0
  storyText: Was The Wolf going to trick Cain the way he tricked The Little Red Riding
    Hood, Mum?
  description: 
  character: {fileID: 0}
  portrait: {fileID: 0}
  voiceOverClip: {fileID: 8300000, guid: d1b313bd5242b3d40ba46c2884e36d41, type: 3}
  showAlways: 1
  showCount: 1
  extendPrevious: 0
  fadeWhenDone: 1
  waitForClick: 0
  stopVoiceover: 0
  waitForVO: 1
  setSayDialog: {fileID: 0}
--- !u!114 &8031086984178311106
MonoBehaviour:
  m_ObjectHideFlags: 0
  m_CorrespondingSourceObject: {fileID: 0}
  m_PrefabInstance: {fileID: 0}
  m_PrefabAsset: {fileID: 0}
  m_GameObject: {fileID: 6572455704616844927}
  m_Enabled: 1
  m_EditorHideFlags: 0
  m_Script: {fileID: 11500000, guid: ec422cd568a9c4a31ad7c36d0572b9da, type: 3}
  m_Name: 
  m_EditorClassIdentifier: 
  itemId: 11
  indentLevel: 0
  storyText: The Wolf looked excited to see Cain in front of him. Cain who would
    be able to give him eternal life. The Wolf grinned, slowly, its feet moved towards
    Cain.
  description: 
  character: {fileID: 0}
  portrait: {fileID: 0}
  voiceOverClip: {fileID: 8300000, guid: cb66cbbf4ab4fcd45942ca20928474c4, type: 3}
  showAlways: 1
  showCount: 1
  extendPrevious: 0
  fadeWhenDone: 1
  waitForClick: 0
  stopVoiceover: 0
  waitForVO: 1
  setSayDialog: {fileID: 0}
--- !u!114 &8429799346097464778
MonoBehaviour:
  m_ObjectHideFlags: 0
  m_CorrespondingSourceObject: {fileID: 0}
  m_PrefabInstance: {fileID: 0}
  m_PrefabAsset: {fileID: 0}
  m_GameObject: {fileID: 6572455704616844927}
  m_Enabled: 1
  m_EditorHideFlags: 0
  m_Script: {fileID: 11500000, guid: ec422cd568a9c4a31ad7c36d0572b9da, type: 3}
  m_Name: 
  m_EditorClassIdentifier: 
  itemId: 12
  indentLevel: 0
  storyText: It was The Wolf.
  description: 
  character: {fileID: 0}
  portrait: {fileID: 0}
  voiceOverClip: {fileID: 8300000, guid: 11dcf7ec626cb9e42946cbe5d29b08bf, type: 3}
  showAlways: 1
  showCount: 1
  extendPrevious: 0
  fadeWhenDone: 1
  waitForClick: 0
  stopVoiceover: 0
  waitForVO: 1
  setSayDialog: {fileID: 0}
--- !u!114 &5870342488850131079
MonoBehaviour:
  m_ObjectHideFlags: 0
  m_CorrespondingSourceObject: {fileID: 0}
  m_PrefabInstance: {fileID: 0}
  m_PrefabAsset: {fileID: 0}
  m_GameObject: {fileID: 6572455704616844927}
  m_Enabled: 1
  m_EditorHideFlags: 0
  m_Script: {fileID: 11500000, guid: ec422cd568a9c4a31ad7c36d0572b9da, type: 3}
  m_Name: 
  m_EditorClassIdentifier: 
  itemId: 13
  indentLevel: 0
  storyText: "Huh? A Trick? Well\u2026"
  description: 
  character: {fileID: 0}
  portrait: {fileID: 0}
  voiceOverClip: {fileID: 8300000, guid: f9e04918fd2b3294fafd470897686f05, type: 3}
  showAlways: 1
  showCount: 1
  extendPrevious: 0
  fadeWhenDone: 1
  waitForClick: 0
  stopVoiceover: 0
  waitForVO: 1
  setSayDialog: {fileID: 0}
--- !u!114 &3776496951718176586
MonoBehaviour:
  m_ObjectHideFlags: 0
  m_CorrespondingSourceObject: {fileID: 0}
  m_PrefabInstance: {fileID: 0}
  m_PrefabAsset: {fileID: 0}
  m_GameObject: {fileID: 6572455704616844927}
  m_Enabled: 1
  m_EditorHideFlags: 0
  m_Script: {fileID: 11500000, guid: ec422cd568a9c4a31ad7c36d0572b9da, type: 3}
  m_Name: 
  m_EditorClassIdentifier: 
  itemId: 14
  indentLevel: 0
  storyText: Oh no! Run, Cain, RUN!!!!
  description: 
  character: {fileID: 0}
  portrait: {fileID: 0}
  voiceOverClip: {fileID: 8300000, guid: f27d75039ebe4244c94d3014f652b183, type: 3}
  showAlways: 1
  showCount: 1
  extendPrevious: 0
  fadeWhenDone: 1
  waitForClick: 0
  stopVoiceover: 0
  waitForVO: 1
  setSayDialog: {fileID: 0}
--- !u!114 &7651965942376758506
MonoBehaviour:
  m_ObjectHideFlags: 0
  m_CorrespondingSourceObject: {fileID: 0}
  m_PrefabInstance: {fileID: 0}
  m_PrefabAsset: {fileID: 0}
  m_GameObject: {fileID: 6572455704616844927}
  m_Enabled: 1
  m_EditorHideFlags: 0
  m_Script: {fileID: 11500000, guid: ec422cd568a9c4a31ad7c36d0572b9da, type: 3}
  m_Name: 
  m_EditorClassIdentifier: 
  itemId: 15
  indentLevel: 0
  storyText: As Cain moving forward, the wolf noticed that Cain didn't fall to his
    trickery. he wailed to the sky, and charge at Cain!
  description: 
  character: {fileID: 0}
  portrait: {fileID: 0}
  voiceOverClip: {fileID: 8300000, guid: c5bc968722d6d044f8deec41a2f16757, type: 3}
  showAlways: 1
  showCount: 1
  extendPrevious: 0
  fadeWhenDone: 1
  waitForClick: 0
  stopVoiceover: 0
  waitForVO: 1
  setSayDialog: {fileID: 0}
--- !u!114 &7396589018128311980
MonoBehaviour:
  m_ObjectHideFlags: 0
  m_CorrespondingSourceObject: {fileID: 0}
  m_PrefabInstance: {fileID: 0}
  m_PrefabAsset: {fileID: 0}
  m_GameObject: {fileID: 6572455704616844927}
  m_Enabled: 1
  m_EditorHideFlags: 0
  m_Script: {fileID: 11500000, guid: ec422cd568a9c4a31ad7c36d0572b9da, type: 3}
  m_Name: 
  m_EditorClassIdentifier: 
  itemId: 16
  indentLevel: 0
  storyText: "Slowly, Cain took a stepback \u2026  \"I can't control a creature in
    this size, I have to run!\" Said Cain to himself."
  description: 
  character: {fileID: 0}
  portrait: {fileID: 0}
  voiceOverClip: {fileID: 8300000, guid: eb6c1f40637b51c4eba734aec4a9f9c5, type: 3}
  showAlways: 1
  showCount: 1
  extendPrevious: 0
  fadeWhenDone: 1
  waitForClick: 0
  stopVoiceover: 0
  waitForVO: 1
  setSayDialog: {fileID: 0}
--- !u!114 &916165672067810563
MonoBehaviour:
  m_ObjectHideFlags: 0
  m_CorrespondingSourceObject: {fileID: 0}
  m_PrefabInstance: {fileID: 0}
  m_PrefabAsset: {fileID: 0}
  m_GameObject: {fileID: 6572455704616844927}
  m_Enabled: 1
  m_EditorHideFlags: 0
  m_Script: {fileID: 11500000, guid: ec422cd568a9c4a31ad7c36d0572b9da, type: 3}
  m_Name: 
  m_EditorClassIdentifier: 
  itemId: 17
  indentLevel: 0
  storyText: "Cain looked to the right, nothing. Cain looked to the left, also nothing.
    Just the dark, creepy woods \u2026"
  description: 
  character: {fileID: 0}
  portrait: {fileID: 0}
  voiceOverClip: {fileID: 8300000, guid: f5651d3444dba2f41894b0247a846473, type: 3}
  showAlways: 1
  showCount: 1
  extendPrevious: 0
  fadeWhenDone: 1
  waitForClick: 0
  stopVoiceover: 0
  waitForVO: 1
  setSayDialog: {fileID: 0}
--- !u!114 &6258466057810884425
MonoBehaviour:
  m_ObjectHideFlags: 0
  m_CorrespondingSourceObject: {fileID: 0}
  m_PrefabInstance: {fileID: 0}
  m_PrefabAsset: {fileID: 0}
  m_GameObject: {fileID: 6572455704616844927}
  m_Enabled: 1
  m_EditorHideFlags: 0
  m_Script: {fileID: 11500000, guid: ec422cd568a9c4a31ad7c36d0572b9da, type: 3}
  m_Name: 
  m_EditorClassIdentifier: 
  itemId: 18
  indentLevel: 0
  storyText: "Oh Cain\u2026"
  description: 
  character: {fileID: 0}
  portrait: {fileID: 0}
  voiceOverClip: {fileID: 8300000, guid: e41a2d4f520726f40acd15b940694e5d, type: 3}
  showAlways: 1
  showCount: 1
  extendPrevious: 0
  fadeWhenDone: 1
  waitForClick: 0
  stopVoiceover: 0
  waitForVO: 1
  setSayDialog: {fileID: 0}
--- !u!114 &4384861205009615053
MonoBehaviour:
  m_ObjectHideFlags: 0
  m_CorrespondingSourceObject: {fileID: 0}
  m_PrefabInstance: {fileID: 0}
  m_PrefabAsset: {fileID: 0}
  m_GameObject: {fileID: 6572455704616844927}
  m_Enabled: 1
  m_EditorHideFlags: 0
  m_Script: {fileID: 11500000, guid: ec422cd568a9c4a31ad7c36d0572b9da, type: 3}
  m_Name: 
  m_EditorClassIdentifier: 
  itemId: 19
  indentLevel: 0
  storyText: Cain looked around him. He looked for something he could use to defeat
    a creature as strong as The Wolf.
  description: 
  character: {fileID: 0}
  portrait: {fileID: 0}
  voiceOverClip: {fileID: 8300000, guid: f11172c196f99d948a996bd96b9eaf83, type: 3}
  showAlways: 1
  showCount: 1
  extendPrevious: 0
  fadeWhenDone: 1
  waitForClick: 0
  stopVoiceover: 0
  waitForVO: 1
  setSayDialog: {fileID: 0}
--- !u!114 &3704351445844097880
MonoBehaviour:
  m_ObjectHideFlags: 0
  m_CorrespondingSourceObject: {fileID: 0}
  m_PrefabInstance: {fileID: 0}
  m_PrefabAsset: {fileID: 0}
  m_GameObject: {fileID: 6572455704616844927}
  m_Enabled: 1
  m_EditorHideFlags: 0
  m_Script: {fileID: 11500000, guid: ec422cd568a9c4a31ad7c36d0572b9da, type: 3}
  m_Name: 
  m_EditorClassIdentifier: 
  itemId: 20
  indentLevel: 0
  storyText: He was familiar with all kind of tricks. He knew, just like any other
    scary creature, The Wolf just wanted to eat him.
  description: 
  character: {fileID: 0}
  portrait: {fileID: 0}
  voiceOverClip: {fileID: 8300000, guid: d4a0104046f46e44ea4fc76838df5f26, type: 3}
  showAlways: 1
  showCount: 1
  extendPrevious: 0
  fadeWhenDone: 1
  waitForClick: 0
  stopVoiceover: 0
  waitForVO: 1
  setSayDialog: {fileID: 0}
--- !u!114 &1822277448543936363
MonoBehaviour:
  m_ObjectHideFlags: 0
  m_CorrespondingSourceObject: {fileID: 0}
  m_PrefabInstance: {fileID: 0}
  m_PrefabAsset: {fileID: 0}
  m_GameObject: {fileID: 6572455704616844927}
  m_Enabled: 1
  m_EditorHideFlags: 0
  m_Script: {fileID: 11500000, guid: ec422cd568a9c4a31ad7c36d0572b9da, type: 3}
  m_Name: 
  m_EditorClassIdentifier: 
  itemId: 21
  indentLevel: 0
  storyText: "Ah, ah, ah. Don\u2019t forget. Cain had lived for millennia."
  description: 
  character: {fileID: 0}
  portrait: {fileID: 0}
  voiceOverClip: {fileID: 8300000, guid: 60935f88fc114aa43bc2cd905e640695, type: 3}
  showAlways: 1
  showCount: 1
  extendPrevious: 0
  fadeWhenDone: 1
  waitForClick: 0
  stopVoiceover: 0
  waitForVO: 1
  setSayDialog: {fileID: 0}
--- !u!114 &3834084616928046432
MonoBehaviour:
  m_ObjectHideFlags: 0
  m_CorrespondingSourceObject: {fileID: 0}
  m_PrefabInstance: {fileID: 0}
  m_PrefabAsset: {fileID: 0}
  m_GameObject: {fileID: 6572455704616844927}
  m_Enabled: 1
  m_EditorHideFlags: 0
  m_Script: {fileID: 11500000, guid: ec422cd568a9c4a31ad7c36d0572b9da, type: 3}
  m_Name: 
  m_EditorClassIdentifier: 
  itemId: 22
  indentLevel: 0
  storyText: Did Cain fall for The Wolf's trickery, Mom? Did he end up like The Little
    Red Riding Hood?
  description: 
  character: {fileID: 0}
  portrait: {fileID: 0}
  voiceOverClip: {fileID: 8300000, guid: 3ac1d070bd51dc04ba08dea0ceaee2e0, type: 3}
  showAlways: 1
  showCount: 1
  extendPrevious: 0
  fadeWhenDone: 1
  waitForClick: 0
  stopVoiceover: 0
  waitForVO: 1
  setSayDialog: {fileID: 0}
--- !u!114 &7491492142405171771
MonoBehaviour:
  m_ObjectHideFlags: 0
  m_CorrespondingSourceObject: {fileID: 0}
  m_PrefabInstance: {fileID: 0}
  m_PrefabAsset: {fileID: 0}
  m_GameObject: {fileID: 6572455704616844927}
  m_Enabled: 1
  m_EditorHideFlags: 0
  m_Script: {fileID: 11500000, guid: ec422cd568a9c4a31ad7c36d0572b9da, type: 3}
  m_Name: 
  m_EditorClassIdentifier: 
  itemId: 23
  indentLevel: 0
  storyText: The Wolf said so, hoping Cain would let his guard down and he wouldn't
    have to chase him. Moving in the forest would be difficult for such a big wolf.
  description: 
  character: {fileID: 0}
  portrait: {fileID: 0}
  voiceOverClip: {fileID: 8300000, guid: fa0685fd26202ef458b228ace0319b1f, type: 3}
  showAlways: 1
  showCount: 1
  extendPrevious: 0
  fadeWhenDone: 1
  waitForClick: 0
  stopVoiceover: 0
  waitForVO: 1
  setSayDialog: {fileID: 0}
--- !u!114 &8045385957947699550
MonoBehaviour:
  m_ObjectHideFlags: 0
  m_CorrespondingSourceObject: {fileID: 0}
  m_PrefabInstance: {fileID: 0}
  m_PrefabAsset: {fileID: 0}
  m_GameObject: {fileID: 6572455704616844927}
  m_Enabled: 1
  m_EditorHideFlags: 0
  m_Script: {fileID: 11500000, guid: ec422cd568a9c4a31ad7c36d0572b9da, type: 3}
  m_Name: 
  m_EditorClassIdentifier: 
  itemId: 24
  indentLevel: 0
  storyText: "\u201COh, hello there, adventurer. You look lost, why don\u2019t you
    come with me for a bit? I can show you a safe, good place to rest your worn body
    \u2026.\u201D\r\n"
  description: 
  character: {fileID: 0}
  portrait: {fileID: 0}
  voiceOverClip: {fileID: 8300000, guid: 9d399a4768f4a994991188793287c36c, type: 3}
  showAlways: 1
  showCount: 1
  extendPrevious: 0
  fadeWhenDone: 1
  waitForClick: 0
  stopVoiceover: 0
  waitForVO: 1
  setSayDialog: {fileID: 0}
--- !u!114 &6217760602373027267
MonoBehaviour:
  m_ObjectHideFlags: 0
  m_CorrespondingSourceObject: {fileID: 0}
  m_PrefabInstance: {fileID: 0}
  m_PrefabAsset: {fileID: 0}
  m_GameObject: {fileID: 6572455704616844927}
  m_Enabled: 1
  m_EditorHideFlags: 0
  m_Script: {fileID: 11500000, guid: ec422cd568a9c4a31ad7c36d0572b9da, type: 3}
  m_Name: 
  m_EditorClassIdentifier: 
  itemId: 25
  indentLevel: 0
  storyText: "Ahem\u2026 Slowly, he said to Cain \u2026"
  description: 
  character: {fileID: 0}
  portrait: {fileID: 0}
  voiceOverClip: {fileID: 8300000, guid: 1c9e40deb3ce3ca498ed889e2e17c99b, type: 3}
  showAlways: 1
  showCount: 1
  extendPrevious: 0
  fadeWhenDone: 1
  waitForClick: 0
  stopVoiceover: 0
  waitForVO: 1
  setSayDialog: {fileID: 0}
--- !u!114 &8844229316620805180
MonoBehaviour:
  m_ObjectHideFlags: 0
  m_CorrespondingSourceObject: {fileID: 0}
  m_PrefabInstance: {fileID: 0}
  m_PrefabAsset: {fileID: 0}
  m_GameObject: {fileID: 6572455704616844927}
  m_Enabled: 1
  m_EditorHideFlags: 0
  m_Script: {fileID: 11500000, guid: ec422cd568a9c4a31ad7c36d0572b9da, type: 3}
  m_Name: 
  m_EditorClassIdentifier: 
  itemId: 26
  indentLevel: 0
  storyText: "Oh, he did! It\u2019s not your favourite Big Bad Wolf if he\u2019s
    not using his trickery, right?"
  description: 
  character: {fileID: 0}
  portrait: {fileID: 0}
  voiceOverClip: {fileID: 8300000, guid: 21f60a35604a6404780cb6fb559f2c10, type: 3}
  showAlways: 1
  showCount: 1
  extendPrevious: 0
  fadeWhenDone: 1
  waitForClick: 0
  stopVoiceover: 0
  waitForVO: 1
  setSayDialog: {fileID: 0}
--- !u!114 &5746180111936033949
MonoBehaviour:
  m_ObjectHideFlags: 0
  m_CorrespondingSourceObject: {fileID: 0}
  m_PrefabInstance: {fileID: 0}
  m_PrefabAsset: {fileID: 0}
  m_GameObject: {fileID: 6572455704616844927}
  m_Enabled: 1
  m_EditorHideFlags: 0
  m_Script: {fileID: 11500000, guid: 3315ad2ebb85443909a1203d56d9344e, type: 3}
  m_Name: 
  m_EditorClassIdentifier: 
  itemId: 27
  indentLevel: 0
  _duration:
    floatRef: {fileID: 0}
    floatVal: 1
  durationOLD: 0
--- !u!114 &6509220940800709969
MonoBehaviour:
  m_ObjectHideFlags: 0
  m_CorrespondingSourceObject: {fileID: 0}
  m_PrefabInstance: {fileID: 0}
  m_PrefabAsset: {fileID: 0}
  m_GameObject: {fileID: 6572455704616844927}
  m_Enabled: 1
  m_EditorHideFlags: 0
  m_Script: {fileID: 11500000, guid: 3315ad2ebb85443909a1203d56d9344e, type: 3}
  m_Name: 
  m_EditorClassIdentifier: 
  itemId: 28
  indentLevel: 0
  _duration:
    floatRef: {fileID: 0}
    floatVal: 1
  durationOLD: 0
--- !u!114 &-1534502028452272732
MonoBehaviour:
  m_ObjectHideFlags: 0
  m_CorrespondingSourceObject: {fileID: 0}
  m_PrefabInstance: {fileID: 0}
  m_PrefabAsset: {fileID: 0}
  m_GameObject: {fileID: 6572455704616844927}
  m_Enabled: 1
  m_EditorHideFlags: 0
  m_Script: {fileID: 11500000, guid: 3315ad2ebb85443909a1203d56d9344e, type: 3}
  m_Name: 
  m_EditorClassIdentifier: 
  itemId: 29
  indentLevel: 0
  _duration:
    floatRef: {fileID: 0}
    floatVal: 0.3
  durationOLD: 0
--- !u!114 &7486347674968939843
MonoBehaviour:
  m_ObjectHideFlags: 0
  m_CorrespondingSourceObject: {fileID: 0}
  m_PrefabInstance: {fileID: 0}
  m_PrefabAsset: {fileID: 0}
  m_GameObject: {fileID: 6572455704616844927}
  m_Enabled: 1
  m_EditorHideFlags: 0
  m_Script: {fileID: 11500000, guid: 3315ad2ebb85443909a1203d56d9344e, type: 3}
  m_Name: 
  m_EditorClassIdentifier: 
  itemId: 30
  indentLevel: 0
  _duration:
    floatRef: {fileID: 0}
    floatVal: 1
  durationOLD: 0
--- !u!114 &-8584764674057231119
MonoBehaviour:
  m_ObjectHideFlags: 0
  m_CorrespondingSourceObject: {fileID: 0}
  m_PrefabInstance: {fileID: 0}
  m_PrefabAsset: {fileID: 0}
  m_GameObject: {fileID: 6572455704616844927}
  m_Enabled: 1
  m_EditorHideFlags: 0
  m_Script: {fileID: 11500000, guid: 3315ad2ebb85443909a1203d56d9344e, type: 3}
  m_Name: 
  m_EditorClassIdentifier: 
  itemId: 31
  indentLevel: 0
  _duration:
    floatRef: {fileID: 0}
    floatVal: 1
  durationOLD: 0
--- !u!114 &-5055430343002554292
MonoBehaviour:
  m_ObjectHideFlags: 0
  m_CorrespondingSourceObject: {fileID: 0}
  m_PrefabInstance: {fileID: 0}
  m_PrefabAsset: {fileID: 0}
  m_GameObject: {fileID: 6572455704616844927}
  m_Enabled: 1
  m_EditorHideFlags: 0
  m_Script: {fileID: 11500000, guid: 3315ad2ebb85443909a1203d56d9344e, type: 3}
  m_Name: 
  m_EditorClassIdentifier: 
  itemId: 32
  indentLevel: 0
  _duration:
    floatRef: {fileID: 0}
    floatVal: 1
  durationOLD: 0
--- !u!114 &-3508589259207652037
MonoBehaviour:
  m_ObjectHideFlags: 0
  m_CorrespondingSourceObject: {fileID: 0}
  m_PrefabInstance: {fileID: 0}
  m_PrefabAsset: {fileID: 0}
  m_GameObject: {fileID: 6572455704616844927}
  m_Enabled: 1
  m_EditorHideFlags: 0
  m_Script: {fileID: 11500000, guid: 3315ad2ebb85443909a1203d56d9344e, type: 3}
  m_Name: 
  m_EditorClassIdentifier: 
  itemId: 33
  indentLevel: 0
  _duration:
    floatRef: {fileID: 0}
    floatVal: 1
  durationOLD: 0
--- !u!114 &279938829325075705
MonoBehaviour:
  m_ObjectHideFlags: 0
  m_CorrespondingSourceObject: {fileID: 0}
  m_PrefabInstance: {fileID: 0}
  m_PrefabAsset: {fileID: 0}
  m_GameObject: {fileID: 6572455704616844927}
  m_Enabled: 1
  m_EditorHideFlags: 0
  m_Script: {fileID: 11500000, guid: 3315ad2ebb85443909a1203d56d9344e, type: 3}
  m_Name: 
  m_EditorClassIdentifier: 
  itemId: 34
  indentLevel: 0
  _duration:
    floatRef: {fileID: 0}
    floatVal: 1
  durationOLD: 0
--- !u!114 &5597685015035687091
MonoBehaviour:
  m_ObjectHideFlags: 0
  m_CorrespondingSourceObject: {fileID: 0}
  m_PrefabInstance: {fileID: 0}
  m_PrefabAsset: {fileID: 0}
  m_GameObject: {fileID: 6572455704616844927}
  m_Enabled: 1
  m_EditorHideFlags: 0
  m_Script: {fileID: 11500000, guid: 3315ad2ebb85443909a1203d56d9344e, type: 3}
  m_Name: 
  m_EditorClassIdentifier: 
  itemId: 35
  indentLevel: 0
  _duration:
    floatRef: {fileID: 0}
    floatVal: 1
  durationOLD: 0
--- !u!114 &7430318367430318373
MonoBehaviour:
  m_ObjectHideFlags: 0
  m_CorrespondingSourceObject: {fileID: 0}
  m_PrefabInstance: {fileID: 0}
  m_PrefabAsset: {fileID: 0}
  m_GameObject: {fileID: 6572455704616844927}
  m_Enabled: 1
  m_EditorHideFlags: 0
  m_Script: {fileID: 11500000, guid: 3315ad2ebb85443909a1203d56d9344e, type: 3}
  m_Name: 
  m_EditorClassIdentifier: 
  itemId: 36
  indentLevel: 0
  _duration:
    floatRef: {fileID: 0}
    floatVal: 1
  durationOLD: 0
--- !u!114 &-1062108382059617842
MonoBehaviour:
  m_ObjectHideFlags: 0
  m_CorrespondingSourceObject: {fileID: 0}
  m_PrefabInstance: {fileID: 0}
  m_PrefabAsset: {fileID: 0}
  m_GameObject: {fileID: 6572455704616844927}
  m_Enabled: 1
  m_EditorHideFlags: 0
  m_Script: {fileID: 11500000, guid: 3315ad2ebb85443909a1203d56d9344e, type: 3}
  m_Name: 
  m_EditorClassIdentifier: 
  itemId: 37
  indentLevel: 0
  _duration:
    floatRef: {fileID: 0}
    floatVal: 1
  durationOLD: 0
--- !u!114 &-8990558114811365434
MonoBehaviour:
  m_ObjectHideFlags: 0
  m_CorrespondingSourceObject: {fileID: 0}
  m_PrefabInstance: {fileID: 0}
  m_PrefabAsset: {fileID: 0}
  m_GameObject: {fileID: 6572455704616844927}
  m_Enabled: 1
  m_EditorHideFlags: 0
  m_Script: {fileID: 11500000, guid: 3315ad2ebb85443909a1203d56d9344e, type: 3}
  m_Name: 
  m_EditorClassIdentifier: 
  itemId: 38
  indentLevel: 0
  _duration:
    floatRef: {fileID: 0}
    floatVal: 1
  durationOLD: 0
